 Dungeon Crawl Stone Soup version 0.26.0-57-g60708a5e39 (webtiles) character file.

Game seed: 12661812862513215480

57 PentaManta the Changer (level 4, 0/28 HPs)
             Began as an Octopode Transmuter on Feb 1, 2021.
             Slain by Terence
             ... wielding a +0 flail
              (5 damage)
             ... on level 2 of the Dungeon.
             The game lasted 00:02:16 (1076 turns).

PentaManta the Changer (Octopode Transmuter)        Turns: 1076, Time: 00:02:16

Health: 0/28       AC:  1    Str:  9    XL:     4   Next: 0%
Magic:  6/7        EV: 17    Int: 15    God:
Gold:   30         SH:  0    Dex: 13    Spells: 3/7 levels left

rFire    . . .     SeeInvis .     - Unarmed
rCold    . . .     Faith    .   (no shield)
rNeg     . . .     Spirit   .   (helmet currently unavailable)
rPois    .         Reflect  .   (no amulet)
rElec    .         Harm     .   d - +4 ring of evasion
rCorr    .         Rampage  .   (no ring)
Will     .....                  (no ring)
Stlth    ++........             (no ring)
HPRegen  0.09/turn              (no ring)
MPRegen  0.10/turn              (no ring)
                                (no ring)
                                (no ring)

@: appendages (expiring)
A: almost no armour, stealthy swim, amphibious, 8 rings, constrict 8, tentacle
spike 3, camouflage 1, gelatinous body 1
a: End Transformation


You were on level 2 of the Dungeon.
One of your tentacles had a temporary spike.
You visited 1 branch of the dungeon, and saw 2 of its levels.

You collected 30 gold pieces.

Inventory:

Jewellery
 d - a +4 ring of evasion (left tentacle)
Scrolls
 a - a scroll of identify {unknown}
 e - a scroll of teleportation {unknown}
 f - 2 scrolls of immolation {unknown}
Potions
 b - a potion of ambrosia {unknown}
 c - a potion of magic {unknown}
 g - 2 potions of curing {unknown}


   Skills:
 - Level 1.0 Fighting
 - Level 2.1 Dodging
 - Level 3.2 Unarmed Combat
 - Level 2.0 Spellcasting
 + Level 3.4 Transmutations
 * Level 1.6 Poison Magic


You had 3 spell levels left.
You knew the following spells:

 Your Spells              Type           Power        Failure   Level
a - Beastly Appendage     Tmut           22%          5%          1
b - Spider Form           Tmut/Pois      4%           24%         3

Your spell library contained the following spells:

 Spells                   Type           Power        Failure   Level
 Wereblood                Tmut           11%          9%          2
 Ice Form                 Ice/Tmut       6%           73%         4
 Blade Hands              Tmut           5%           83%         5


Dungeon Overview and Level Annotations

Branches:
Dungeon (2/15)

Altars:
Okawaru
Wu Jian

Annotations:
D:2 Terence


Innate Abilities, Weirdness & Mutations

You cannot wear most types of armour.
You are very stealthy in the water. (Stealth+)
You are amphibious.
You can wear up to eight rings at the same time.
You can use your tentacles to constrict eight enemies at once.
Your skin changes colour to match your surroundings (Stealth+).
Your rubbery body absorbs attacks. (AC +1, EV +1)
One of your tentacles bears a large vicious spike.


Message History

Terence is moderately wounded.
You constrict Terence, but do no damage.
Terence closely misses you.
You tentacle-slap Terence but do no damage.
You pierce Terence.
Terence is heavily wounded.
You constrict Terence, but do no damage.
Terence barely misses you.
You tentacle-slap Terence.
Terence is heavily wounded.
You constrict Terence, but do no damage.
Terence closely misses you.
You tentacle-slap Terence.
Terence is heavily wounded.
Your transformation is almost over.
You constrict Terence. You barely miss Terence.
You pierce Terence, but do no damage.
Terence is severely wounded.
You constrict Terence. Terence hits you with a +0 flail.
You die...

#######.........
...........$....
#.............
#.........#.#
#...........#
#....†....#
#....S.@..#
#######...#
###.@....[#
#....@....#
#.......#.#
#.(.....#.#####
###.##........#
#............#
#............#
+............#
#............#


You could see Terence.

Vanquished Creatures
  2 adders (D:2)
  An ooze (D:1)
  A leopard gecko (D:1)
  5 goblins
  5 hobgoblins
  2 jackals (D:1)
  A quokka (D:2)
  A ball python (D:1)
  6 bats
  2 frilled lizards (D:1)
  4 kobolds
  4 rats
34 creatures vanquished.

Notes
Turn   | Place    | Note
-------+----------+-------------------------------------------
     0 | D:1      | PentaManta the Octopode Transmuter began the quest for the
                  | Orb.
     0 | D:1      | Reached XP level 1. HP: 13/13 MP: 3/3
   208 | D:1      | Reached XP level 2. HP: 18/18 MP: 5/5
   491 | D:1      | Reached XP level 3. HP: 22/23 MP: 6/6
   838 | D:2      | Learned a level 3 spell: Spider Form
   947 | D:2      | Found an iron altar of Okawaru.
   948 | D:2      | Found an ornate altar of the Wu Jian Council.
   978 | D:2      | Reached skill level 1 in Poison Magic
  1054 | D:2      | Noticed Terence
  1066 | D:2      | Reached XP level 4. HP: 22/28 MP: 7/7
  1076 | D:2      | Slain by Terence

Illustrated notes

Levels and vault maps discovered:
D:1:      dpeg_arrival_lava_temple_mockup, layout_rooms
D:2:      layout_basic, riverfiend_overflow_shadow_ancestor,
          gammafunk_temple_overflow_statue, uniq_terence, uniq_jessica

Skill      XL: |  1  2  3 |
---------------+----------+-----
Transmutations | 3 |  3.4
Poison Magic   | 1 |  1.6
Fighting       | |  1.0
Dodging        | |  2.1
Unarmed Combat | |  3.2
Spellcasting   | |  2.0

Action                   |  1- 3 |  4- 6 || total
-------------------------+-------+-------++-------
Melee: Unarmed           |    75 |    10 ||    85
       Constrict         |    18 |     1 ||    19
       Tentacles         |    14 |       ||    14
       Punch             |     1 |       ||     1
       Kick              |       |     3 ||     3
 Cast: Beastly Appendage |       |     1 ||     1
 Stab: Sleeping          |     4 |       ||     4
Armor: Skin              |     2 |       ||     2
Dodge: Dodged            |    69 |     5 ||    74
